 Dungeon Crawl Stone Soup version 0.22-a0-512-g0943f25 (webtiles) character file.

3185 kae the Basher (level 9, -3/81 HPs)
             Began as a Minotaur Fighter on June 18, 2018.
             Was an Initiate of Makhleb.
             Killed from afar by an electric eel (8 damage)
             ... with a bolt of electricity
             ... on level 9 of the Dungeon.
             The game lasted 00:05:44 (7411 turns).

kae the Basher (Minotaur Fighter)                   Turns: 7411, Time: 00:05:45

Health: -3/81      AC: 15    Str: 27    XL:     9   Next: 64%
Magic:  9/9        EV:  7    Int:  6    God:    Makhleb [......]
Gold:   301        SH: 10    Dex: 10    Spells: 8/8 levels left

rFire    . . .     SeeInvis .   j - +1 morningstar
rCold    + . .     Gourm    .   c - +0 shield
rNeg     . . .     Faith    .   x - +0 plate armour
rPois    .         Spirit   .   (helmet restricted)
rElec    .         Reflect  .   (no cloak)
rCorr    .         Harm     .   h - +1 pair of gloves
MR       .....                  (no boots)
Stlth    ..........             (no amulet)
HPRegen  0.23/turn              e - +4 ring of strength
MPRegen  0.11/turn              s - ring of protection from cold

@: no status effects
A: retaliatory headbutt, horns 2
a: Renounce Religion


You were on level 9 of the Dungeon.
You worshipped Makhleb.
Makhleb was noncommittal.
You were not hungry.

You visited 2 branches of the dungeon, and saw 10 of its levels.

You collected 405 gold pieces.
You spent 104 gold pieces at shops.

Inventory:

Hand Weapons
 a - a +0 flail
 j - a +1 morningstar (weapon)
Armour
 b - a +0 scale mail
 c - a +0 shield (worn)
 h - a +1 pair of gloves (worn)
 x - a +0 plate armour (worn)
Jewellery
 e - a +4 ring of strength (left hand)
 r - an uncursed amulet of faith
 s - a ring of protection from cold (right hand)
Wands
 o - a wand of iceblast (6)
 t - a wand of acid (18)
Scrolls
 p - 4 scrolls of remove curse
Potions
 d - 3 potions of might
 g - 6 potions of curing
 i - a potion of cancellation {unknown}
 l - 2 potions of berserk rage
 m - 3 potions of heal wounds
 n - a potion of lignification
 q - a potion of brilliance {unknown}
 u - 2 potions of invisibility {unknown}
Comestibles
 f - 18 rations
 k - 5 chunks of flesh


   Skills:
 + Level 8.0 Fighting
 * Level 10.3 Maces & Flails
 + Level 7.9 Armour
 + Level 6.3 Dodging
 - Level 3.6 Shields
 + Level 2.6 Invocations


You had 8 spell levels left.
You didn't know any spells.
Your spell library was empty.

Dungeon Overview and Level Annotations

Branches:
Dungeon (9/15)             Temple (1/1) D:7
   Lair: D:8-11         Orc: D:9-12

Altars:
Ashenzari
Cheibriados
Dithmenos
Elyvilon
Fedhas
Gozag
Hepliaklqana
Kikubaaqudgha
Makhleb
Nemelex Xobeh
Okawaru
Qazlal
Ru
Sif Muna
Trog
Uskayaw
Vehumet
Wu Jian
Xom
Yredelemnul
Zin
The Shining One

Shops:
D:8 %!([


Innate Abilities, Weirdness & Mutations

You reflexively headbutt those who attack you in melee.
You have a pair of horns on your head.


Message History

You are too injured to fight recklessly!
You are too injured to fight recklessly!
You are too injured to fight recklessly!
The electric eel shoots out a bolt of lightning at you!
The bolt of electricity hits the plant.
The bolt of electricity hits you!
The electric eel shoots out a bolt of lightning at you!
The bolt of electricity hits you!
The electric eel shoots out a bolt of lightning at you!
The bolt of electricity hits you!
* * * LOW HITPOINT WARNING * * *
The electric eel shoots out a bolt of lightning at you!
The bolt of electricity hits you!
* * * LOW HITPOINT WARNING * * *
The electric eel shoots out a bolt of lightning at you!
The bolt of electricity hits you!
* * * LOW HITPOINT WARNING * * *
Something hits the plant but does no damage.
The electric eel shoots out a bolt of lightning at you!
The bolt of electricity hits you!
You die...

≈.........P..####...#≈♣♣≈≈
≈......)......).....♣≈≈≈≈≈
≈...........####..#♣≈PP≈≈≈
≈...........# #..≈≈≈≈≈≈≈≈
≈≈♣)......)..# #..........
≈≈P...........#
#..≈≈≈P≈≈≈≈
..≈...........#
###≈P≈≈≈≈≈♣
≈≈≈...........# ##♣≈≈≈≈≈♣
≈≈P........@..# ≈♣≈PP#
.P............# ###..#
.......)..†...# ..#
..............# ..
...>.........(.?.
..................
###.PP....#######.
#≈.P;P.P..# #.Po≈≈PPP.#


You could see an electric eel.

Vanquished Creatures
  A two-headed ogre (D:9)
  2 hippogriffs
  A spriggan (D:8)
  A water moccasin (D:5)
  2 phantoms
  2 orc warriors
  A black bear (D:7)
  An ogre (D:6)
  An ice beast (D:7)
  A centaur (D:3)
  A bullfrog (D:6)
  A wyvern skeleton (D:9)
  A scorpion (D:5)
  A wight (D:6)
  A crimson imp (D:9)
  A bullfrog skeleton (D:7)
  A bullfrog zombie (D:6)
  5 hounds
  4 orc wizards (D:6)
  2 jellies
  2 centaur skeletons
  4 orc priests
  3 iguanas
  5 worker ants
  A hound zombie (D:6)
  3 gnolls (D:6)
  A howler monkey skeleton (D:8)
  5 adders
  A shadow imp (D:5)
  An ooze (D:3)
  2 adder skeletons
  3 worms
  3 dart slugs
  3 leopard geckos
  18 orcs
  A giant cockroach (D:2)
  9 hobgoblins
  8 jackals
  4 quokkas
  12 bats
  5 frilled lizards
  7 goblins
  4 kobolds
  2 leopard gecko skeletons
  A quokka skeleton (D:4)
  10 rats
149 creatures vanquished.

Notes
Turn   | Place    | Note
-------+----------+-------------------------------------------
     0 | D:1      | kae the Minotaur Fighter began the quest for the Orb.
     0 | D:1      | Reached XP level 1. HP: 19/19 MP: 0/0
    93 | D:1      | Reached XP level 2. HP: 5/27 MP: 1/1
   411 | D:1      | Reached skill level 3 in Maces & Flails
   579 | D:1      | Reached skill level 1 in Dodging
   735 | D:1      | Found a glowing golden altar of the Shining One.
   788 | D:1      | Reached XP level 3. HP: 33/33 MP: 2/2
  1207 | D:2      | Found a shimmering altar of Xom.
  1215 | D:2      | Reached skill level 4 in Maces & Flails
  1215 | D:2      | Reached XP level 4. HP: 35/41 MP: 3/3
  1948 | D:3      | Reached XP level 5. HP: 46/47 MP: 4/4
  2028 | D:3      | Noticed a centaur
  2039 | D:3      | Killed a centaur
  2415 | D:4      | Reached skill level 5 in Maces & Flails
  2662 | D:4      | Reached XP level 6. HP: 54/55 MP: 5/5
  2700 | D:4      | Reached skill level 5 in Fighting
  2700 | D:4      | Reached skill level 5 in Armour
  3167 | D:5      | Entered Level 5 of the Dungeon
  3351 | D:5      | Noticed a water moccasin
  3359 | D:5      | Killed a water moccasin
  3359 | D:5      | Reached skill level 6 in Maces & Flails
  3359 | D:5      | Reached XP level 7. HP: 53/61 MP: 6/6
  4075 | D:6      | Reached skill level 7 in Maces & Flails
  4461 | D:6      | Reached XP level 8. HP: 70/70 MP: 7/7
  4743 | D:6      | Reached skill level 8 in Maces & Flails
  5582 | D:7      | Reached skill level 5 in Dodging
  5716 | D:7      | Reached skill level 9 in Maces & Flails
  5841 | D:7      | Found a staircase to the Ecumenical Temple.
  6139 | Temple   | Entered the Ecumenical Temple
  6218 | Temple   | Became a worshipper of Makhleb the Destroyer
  6336 | D:8      | Found Eqoogykenn's Armour Shop.
  6472 | D:8      | Reached XP level 9. HP: 60/79 MP: 8/8
  6663 | D:8      | Found Enef's Weapon Shop.
  6671 | D:8      | Found Oplos's Distillery.
  6679 | D:8      | Bought a potion of heal wounds for 65 gold pieces
  6679 | D:8      | Bought a potion of curing for 39 gold pieces
  6902 | D:8      | Found Zahiwo Peyts's Food Emporium.
  6983 | D:8      | Reached skill level 1 in Invocations
  7302 | D:9      | Noticed a two-headed ogre
  7307 | D:9      | Killed a two-headed ogre
  7307 | D:9      | Reached skill level 10 in Maces & Flails
  7411 | D:9      | Killed from afar by an electric eel

Vault maps used:
D:1:      evilmike_arrival_fibonacci_small, tso_altar
D:2:      xom_teletrap_fun, first_ration
D:6:      hangedman_minor_gate_pass
D:7:      minmay_temple_entry_poolview
D:8:      serial_shops, nicolae_shop_stone, kennysheep_mini,
          nicolae_shop_statue_plus, shop, grunt_pizzeria
D:9:      serial_bayou, serial_bayou_pond_d, serial_bayou_lagoon_a,
          serial_bayou_pond_b, serial_bayou_pond_b, serial_bayou_lagoon_b,
          nicolae_looking_at_the_future, uniq_erica
Temple:   grunt_wide_crystal_templ

Skill      XL: |  1  2  3  4  5  6  7  8  9 |
---------------+----------------------------+-----
Maces & Flails | 3 4 5 6 7 9 10 | 10.3
Dodging        | 1 2 3 4 5 6 |  6.3
Fighting       | 4 5 6 7 8 |  8.0
Armour         | 4 5 6 7 |  7.9
Invocations    | 2 |  2.6
Shields        | |  3.6

Action                   |  1- 3 |  4- 6 |  7- 9 || total
-------------------------+-------+-------+-------++-------
Melee: Flail             |   107 |   111 |    20 ||   238
       Headbutt          |    13 |    20 |    54 ||    87
       Morningstar       |       |       |   215 ||   215
Evoke: Wand              |       |       |     3 ||     3
  Use: Scroll            |     1 |     7 |     5 ||    13
  Eat: Chunk             |     1 |     7 |    13 ||    21
Armor: Scale mail        |    49 |    34 |    34 ||   117
       Plate armour      |       |       |    68 ||    68
Dodge: Dodged            |    36 |    37 |    51 ||   124
Block: Shield            |    68 |    47 |    92 ||   207

Table legend:
 A = Spawn XP
 B = Non-spawn XP
 C = Spawn XP percentage of total XP
 D = Spawn monster count
 E = Non-spawn monster count
 F = Spawn count percentage of total count
 G = Total turns spent on level
                    A         B        C        D         E        F      G
               +---------+---------+-------+---------+---------+-------+---------
         Total |       0 |    4550 |   0.0 |       0 |     149 |   0.0 |  7411
               +---------+---------+-------+---------+---------+-------+---------
           D:1 |       0 |      48 |   0.0 |       0 |      29 |   0.0 |   878
           D:2 |       0 |      89 |   0.0 |       0 |      18 |   0.0 |   692
           D:3 |       0 |     172 |   0.0 |       0 |      18 |   0.0 |   828
           D:4 |       0 |     285 |   0.0 |       0 |       9 |   0.0 |   769
           D:5 |       0 |     450 |   0.0 |       0 |      11 |   0.0 |   888
           D:6 |       0 |     933 |   0.0 |       0 |      27 |   0.0 |  1309
           D:7 |       0 |     576 |   0.0 |       0 |      18 |   0.0 |   814
           D:8 |       0 |     602 |   0.0 |       0 |       8 |   0.0 |   996
           D:9 |       0 |    1395 |   0.0 |       0 |      11 |   0.0 |   150
               +---------+---------+-------+---------+---------+-------+---------
